 Dungeon Crawl Stone Soup version 0.24.0-41-g2ae2f7f1be (webtiles) character file.

Game seed: 14316673123781774685, levelgen mode: deterministic

63 Descartes the Ducker (level 3, 0/17 HPs)
             Began as a Felid Monk on Dec 11, 2019.
             Succumbed to an adder's poison
             ... on level 2 of the Dungeon.
             The game lasted 00:02:08 (1246 turns).

Descartes the Ducker (Felid Monk)                   Turns: 1246, Time: 00:02:09

Health: 0/17       AC:  1    Str:  8    XL:     3   Next: 87%
Magic:  4/4        EV: 20    Int: 11    God:
Gold:   27         SH:  0    Dex: 18    Spells: 2/2 levels left
                                        Lives:  0   Deaths: 0

rFire    . . .     SeeInvis +     - Unarmed
rCold    . . .     Gourm    .   (shield unavailable)
rNeg     . . .     Faith    .   (armour unavailable)
rPois    .         Spirit   .   (helmet unavailable)
rElec    .         Reflect  .   (cloak unavailable)
rCorr    .         Harm     .   (gloves unavailable)
MR       .....                  (boots unavailable)
Stlth    +++.......             (no amulet)
HPRegen  0.05/turn              c - ring of wizardry
MPRegen  0.09/turn              (no ring)

@: lethally poisoned (0 -> -1), very slightly contaminated, invisible, quick
A: very small, no armour, no weapons or thrown items, stealth, claws 1, fangs 3,
see invisible, carnivore, speed 1, shaggy fur 1, slow metabolism 1, sharp paws
a: no special abilities


You were on level 2 of the Dungeon.
You were completely stuffed.

You visited 1 branch of the dungeon, and saw 2 of its levels.

You collected 27 gold pieces.

Inventory:

Missiles
 b - 87 stones
 g - 32 arrows
Jewellery
 c - a ring of wizardry (left paw)
Scrolls
 e - a scroll of teleportation {unknown}
 h - a scroll of amnesia {unknown}
 i - a scroll of noise {unknown}
 j - a scroll of random uselessness {unknown}
Comestibles
 a - 4 rations
 f - 5 chunks of flesh


   Skills:
 + Level 3.2 Fighting
 + Level 4.6 Dodging
 + Level 3.4 Stealth
 * Level 4.0 Unarmed Combat


You had 2 spell levels left.
You didn't know any spells.
Your spell library was empty.

Dungeon Overview and Level Annotations

Branches:
Dungeon (2/15)

Altars:
Kikubaaqudgha


Innate Abilities, Weirdness & Mutations

You cannot wear armour.
You are incapable of wielding weapons or throwing items.
Your paws allow you to move quietly. (Stealth)
You have sharp claws.
You have razor-sharp teeth.
You have supernaturally acute eyesight. (SInv)
You are carnivorous and can eat meat at any time.
You cover ground quickly.
You are covered in fur. (AC +1)
You have a slow metabolism.
Your sharp claws are effective at attacking unaware monsters.


Message History

The bat misses you. The bat misses you.
You feel sick. The bat completely misses you. The bat misses you.
The bat barely misses you. The bat misses you. The bat misses you.
You feel sick. The bat hits you.
* * * LOW HITPOINT WARNING * * *
The bat hits you.
* * * LOW HITPOINT WARNING * * *
The bat misses you.
You scratch the bat.
You kill the bat!
* * * LOW HITPOINT WARNING * * *
You feel sick.
It was a potion of invisibility.
You fade into invisibility!
The ball python misses you.
You are very lightly contaminated with residual magic.
You die...

...........#
########.#.# #.#)#
#.#.# #.#.#
#######.#.#
..........#######
######.#.>.....# .#
#@#.#####[# ..#
#.#.# ..### #.#.#
#.#. #.#.# #..
###.#.#### #.###
#...S......
#...###.####.####
###...##†# .....
#........#.......#.r


You could see a ball python (wandering).

Vanquished Creatures
  2 adders (D:2)
  An ooze (D:1)
  A worm (D:2)
  A dart slug (D:1)
  2 leopard geckos
  6 goblins
  6 hobgoblins (D:1)
  2 jackals (D:1)
  3 bats
  3 frilled lizards
  3 kobolds
  4 rats
34 creatures vanquished.

Notes
Turn   | Place    | Note
-------+----------+-------------------------------------------
     0 | D:1      | Descartes the Felid Monk began the quest for the Orb.
     0 | D:1      | Reached XP level 1. HP: 10/10 MP: 2/2
   277 | D:1      | Reached XP level 2. HP: 13/14 MP: 3/3
   951 | D:1      | Reached XP level 3. HP: 17/17 MP: 4/4
  1219 | D:2      | Found an ancient bone altar of Kikubaaqudgha.
  1246 | D:2      | Succumbed to an adder's poison

Levels and vault maps discovered:
D:1:      wander_arrival_desolate, layout_basic
D:2:      layout_loops_ring, marbit_many_paths, old_standard_altar, first_ration

Skill      XL: |  1  2  3 |
---------------+----------+-----
Stealth        | 3 |  3.4
Unarmed Combat | 4 |  4.0
Fighting       | |  3.2
Dodging        | |  4.6

Action                   || total
-------------------------++-------
Melee: Unarmed           ||    77
       Bite              ||     7
       Punch             ||     1
  Use: Potion            ||     1
 Stab: Sleeping          ||    12
  Eat: Chunk             ||     8
Armor: Skin              ||     1
Dodge: Dodged            ||    57
